[Event "Titled Tuesday Blitz November 29 Early 2022"]
[White "Zhu, Jiner"]
[Black "Forgacs, Attila Jr."]
[WhiteFideId "8608059"]
[BlackFideId "773654"]
[WhiteElo "2384"]
[BlackElo "2168"]
[Result "1-0"]
[Round "06"]
[TimeControl "180+1"]
[Date "2022.11.30"]
[WhiteClock "0:00:25"]
[BlackClock "0:00:04"]

1. c4 e5 2. Nc3 d6 3. Nf3 g6 4. d4 Nd7 5. e4 Ngf6 6. Be2 Bg7 7. O-O O-O 8. Be3 c6 9. b4 Ng4 10. Bg5 f6 11. Bh4 g5 12. Bg3 Nh6 13. c5 exd4 14. Nxd4 Ne5 15. Qb3+ Kh8 16. Rad1 dxc5 17. Nxc6 Qe8 18. Nxe5 fxe5 19. bxc5 Be6 20. Qxb7 Rf7 21. Qa6 Rc7 22. Bb5 Qf8 23. Qxe6 Rxc5 24. Qb3 Rac8 25. Rd3 Qe7 26. Nd5 Qb7 27. Bc4 Qf7 28. Ne3 Rxc4 29. Nxc4 Qxc4 30. Rd8+ Ng8 31. Qxc4 Rxc4 32. Rb1 Rxe4 33. f3 Rd4 34. Re8 e4 35. Rbb8 Rd1+ 36. Kf2 e3+ 37. Ke2 1-0


[Site "https://www.chess.com"]

[Event "Titled Tuesday Blitz November 29 Early 2022"]
[White "Zivkovic, Nemanja"]
[Black "Bacrot, Etienne"]
[WhiteFideId "942154"]
[BlackFideId "605506"]
[WhiteElo "2706"]
[BlackElo "2861"]
[Result "0-1"]
[Round "06"]
[TimeControl "180+1"]
[Date "2022.11.30"]
[WhiteClock "0:00:35"]
[BlackClock "0:00:13"]

1. e4 g6 2. d4 Bg7 3. Nf3 a6 4. c3 d6 5. Bd3 b5 6. O-O Bb7 7. a4 c6 8. Nbd2 Nd7 9. Re1 e5 10. axb5 axb5 11. Rxa8 Bxa8 12. dxe5 Nxe5 13. Nxe5 dxe5 14. Nb3 Nf6 15. Be3 O-O 16. Qc2 Bb7 17. Nc5 Bc8 18. b4 Ng4 19. Bc1 Qh4 20. h3 Nf6 21. Bf1 Nd7 22. Nxd7 Bxd7 23. c4 Qe7 24. Qb3 Be6 25. Qc3 Rc8 26. Be3 Bf8 27. Bc5 Qg5 28. Bxf8 Kxf8 29. cxb5 cxb5 30. Qd3 Bc4 31. Qd6+ Qe7 32. Qxe7+ Kxe7 33. Rc1 f5 34. Bxc4 Rxc4 35. Rxc4 bxc4 36. Kf1 fxe4 37. Ke2 Kd6 38. Kd2 Kc6 39. g4 Kb5 40. Kc3 g5 0-1


[Site "https://www.chess.com"]

[Event "Titled Tuesday Blitz November 29 Early 2022"]
[White "Abasov, Nijat"]
[Black "Boros, Denes"]
[WhiteFideId "13402960"]
[BlackFideId "722340"]
[WhiteElo "2962"]
[BlackElo "2796"]
[Result "1-0"]
[Round "07"]
[TimeControl "180+1"]
[Date "2022.11.30"]
[WhiteClock "0:00:22"]
[BlackClock "0:00:08"]

1. d4 Nf6 2. Nf3 d6 3. g3 Bf5 4. c4 c6 5. Nc3 Nbd7 6. Bg2 e5 7. Nh4 Bg6 8. O-O Be7 9. Nxg6 hxg6 10. e3 Qa5 11. d5 Rc8 12. Bd2 Qa6 13. b3 cxd5 14. Nxd5 Nxd5 15. Bxd5 Nf6 16. Bg2 b5 17. cxb5 Qxb5 18. a4 Qd7 19. b4 d5 20. b5 O-O 21. Qb3 Bc5 22. Rfd1 Qf5 23. Be1 d4 24. exd4 Bxd4 25. Rac1 Ng4 26. Qf3 Qg5 27. Rc6 Rcd8 28. h3 Nf6 29. h4 Qf5 30. Qxf5 gxf5 31. Kf1 e4 32. Bh3 Rd5 33. Bxf5 Rfd8 34. Rc8 Rxc8 35. Bxc8 Rc5 36. Rxd4 Rxc8 37. Bd2 Rc2 38. Be3 Ra2 39. Rc4 Ng4 40. Bxa7 f5 41. Bd4 Nh2+ 42. Kg2 Ng4 43. b6 Nxf2 44. Bxf2 e3 45. b7 Rxf2+ 46. Kg1 Rb2 47. Rc8+ Kh7 48. b8=Q e2 49. Rh8+ Kg6 50. Qe8+ 1-0


[Site "https://www.chess.com"]

[Event "Titled Tuesday Blitz November 29 Early 2022"]
[White "Adnan, Habib"]
[Black "Begunov, Konstantin"]
[WhiteFideId "11202270"]
[BlackFideId "4118510"]
[WhiteElo "2110"]
[BlackElo "2140"]
[Result "1-0"]
[Round "07"]
[TimeControl "180+1"]
[Date "2022.11.30"]
[WhiteClock "0:00:40"]
[BlackClock "0:00:04"]

1. d4 d5 2. c4 c6 3. Nf3 Nf6 4. e3 a6 5. Bd3 Bg4 6. Nbd2 e6 7. b3 Nbd7 8. Bb2 Bd6 9. Qc1 Qe7 10. Ne5 Bh5 11. f4 O-O 12. O-O c5 13. Ndf3 Rac8 14. Qe1 cxd4 15. exd4 dxc4 16. bxc4 Rfd8 17. h3 Bb4 18. Qe3 Ba3 19. Bxa3 Qe8 20. g4 Bg6 21. f5 exf5 22. gxf5 Bh5 23. Rae1 Nf8 24. Qf4 Qa4 25. Be7 Re8 26. Ng4 N6d7 27. Qg5 Bxg4 28. Qxg4 f6 29. Nd2 Qxa2 30. Re2 Qa3 31. Be4 Rxe7 32. Bd5+ Kh8 33. Rxe7 Qxe7 34. Kh1 Qb4 35. Rg1 g5 36. fxg6 hxg6 37. Ne4 Kg7 38. h4 Re8 39. h5 Qb2 40. Nd6 Re3 41. Nf5+ Kh8 42. Nxe3 Qd2 43. Qf4 Kh7 44. hxg6+ Kg7 45. Nf5+ Kh8 46. Qxd2 1-0


[Site "https://www.chess.com"]

[Event "Titled Tuesday Blitz November 29 Early 2022"]
[White "Aldokhin, Ivan"]
[Black "Ohanyan, Emin"]
[WhiteFideId "24115720"]
[BlackFideId "13312022"]
[WhiteElo "2313"]
[BlackElo "2352"]
[Result "0-1"]
[Round "07"]
[TimeControl "180+1"]
[Date "2022.11.30"]
[WhiteClock "0:00:05"]
[BlackClock "0:00:11"]

1. e4 e5 2. Nf3 Nc6 3. Bb5 f5 4. Bxc6 dxc6 5. Nc3 Nf6 6. Qe2 Bd6 7. d3 O-O 8. Bg5 f4 9. h3 h6 10. Bxf6 Qxf6 11. O-O-O c5 12. Nd2 c6 13. Rdf1 b5 14. g4 Qf7 15. g5 b4 16. Ncb1 h5 17. g6 Qxg6 18. Nc4 Bc7 19. Rfg1 Qf7 20. Rg5 Be6 21. Nbd2 Bd8 22. Rxe5 f3 23. Qe3 Bf6 24. Rxc5 Rad8 25. Qxf3 Qe7 26. Qxh5 Bf7 27. Qf5 Be6 28. Qh5 Bf7 29. Qf5 g6 30. Rg1 Bg7 31. Qg5 Bf6 32. Qh5 Bg7 33. Rxg6 Bxg6 34. Qxg6 Qxc5 35. Ne3 Rxf2 36. Nf5 Rxf5 37. Qxf5 Qxf5 38. exf5 Bh6 39. Kd1 Bxd2 40. Kxd2 Rd5 41. Ke3 Rxf5 42. Ke4 Rh5 0-1


[Site "https://www.chess.com"]

[Event "Titled Tuesday Blitz November 29 Early 2022"]
[White "Andrews, Todd"]
[Black "Vysochin, Spartak"]
[WhiteFideId "2012456"]
[BlackFideId "14103516"]
[WhiteElo "2349"]
[BlackElo "2412"]
[Result "1-0"]
[Round "07"]
[TimeControl "180+1"]
[Date "2022.11.30"]
[WhiteClock "0:01:16"]
[BlackClock "0:00:03"]

1. e4 c5 2. Nf3 d6 3. d3 g6 4. g3 Bg7 5. Bg2 Nf6 6. O-O O-O 7. Re1 Nc6 8. c3 b5 9. d4 cxd4 10. cxd4 Rb8 11. d5 Ne5 12. Nxe5 dxe5 13. Be3 a5 14. h3 Nd7 15. Nc3 b4 16. Na4 Ba6 17. Rc1 Bb5 18. Nc5 Nxc5 19. Bxc5 Qd7 20. Qd2 Rfc8 21. Rc2 Rc7 22. Rec1 Rbc8 23. Bb6 Rxc2 24. Rxc2 Rxc2 25. Qxc2 a4 26. Qc5 b3 27. axb3 axb3 28. Qb4 Qb7 29. Bc5 Ba6 30. Qxb7 Bxb7 31. Bxe7 Bf8 32. Bxf8 Kxf8 33. Bf1 f5 34. f3 fxe4 35. fxe4 Bc8 36. Bc4 Bxh3 37. Bxb3 Bg4 38. Bc4 Bf3 39. Bd3 Ke7 40. Kf2 Bd1 41. b4 Kd6 42. Ke3 Bb3 43. Bb5 h6 44. Be8 g5 45. b5 Bc4 46. b6 Ba6 47. Bc6 h5 48. b7 Kc7 49. d6+ Kb8 50. d7 h4 51. d8=Q+ Ka7 52. b8=Q# 1-0


[Site "https://www.chess.com"]

[Event "Titled Tuesday Blitz November 29 Early 2022"]
[White "Aqib Javaid Butt"]
[Black "Jimenez Almeida, Luis David"]
[WhiteFideId "7801262"]
[BlackFideId "22242244"]
[WhiteElo "1659"]
[BlackElo "2158"]
[Result "0-1"]
[Round "07"]
[TimeControl "180+1"]
[Date "2022.11.30"]
[WhiteClock "0:00:32"]
[BlackClock "0:00:52"]

1. d4 g6 2. Nf3 Bg7 3. g3 f5 4. Bg2 d6 5. O-O Nf6 6. c4 O-O 7. Nc3 Nc6 8. d5 Ne5 9. Nxe5 dxe5 10. f4 e4 11. Be3 e6 12. Bc5 Re8 13. d6 cxd6 14. Qxd6 Qxd6 15. Bxd6 Ng4 16. Bc5 b6 17. Bf2 Ba6 18. Nb5 Bxb5 19. cxb5 Bxb2 20. Rab1 Bg7 21. h3 Nxf2 22. Kxf2 Rac8 23. Rfc1 Kf7 24. e3 Ke7 25. Bf1 Red8 26. Ke1 Bc3+ 27. Kf2 e5 28. Rc2 exf4 29. Rbc1 fxe3+ 30. Kxe3 Bd2+ 31. Rxd2 Rxc1 0-1


[Site "https://www.chess.com"]

[Event "Titled Tuesday Blitz November 29 Early 2022"]
[White "Atakhan, Abtin"]
[Black "Fernandez, Michael"]
[WhiteFideId "22502203"]
[BlackFideId "5803560"]
[WhiteElo "2298"]
[BlackElo "2110"]
[Result "0-1"]
[Round "07"]
[TimeControl "180+1"]
[Date "2022.11.30"]
[WhiteClock "0:00:46"]
[BlackClock "0:00:11"]

1. e4 e6 2. d4 d5 3. e5 c5 4. c3 Nc6 5. Nf3 Qb6 6. Bd3 cxd4 7. O-O Bd7 8. Re1 Nh6 9. Nbd2 Ng4 10. Qe2 dxc3 11. bxc3 Bc5 12. Rf1 Qc7 13. Nb3 Bb6 14. Bf4 O-O-O 15. Nfd4 h5 16. Nb5 Qb8 17. Nd6+ Kc7 18. h3 g5 19. Bxg5 Rdg8 20. Nxf7 Qf8 21. Nxh8 Rxg5 22. Ng6 Qh6 23. hxg4 hxg4 24. g3 Qh3 25. Nd4 Bxd4 26. Nf4 Qxg3+ 27. Ng2 Rh5 0-1


[Site "https://www.chess.com"]

[Event "Titled Tuesday Blitz November 29 Early 2022"]
[White "Bacrot, Etienne"]
[Black "Pranav, V"]
[WhiteFideId "605506"]
[BlackFideId "25060783"]
[WhiteElo "2866"]
[BlackElo "3002"]
[Result "1-0"]
[Round "07"]
[TimeControl "180+1"]
[Date "2022.11.30"]
[WhiteClock "0:00:19"]
[BlackClock "0:00:02"]

1. e4 e5 2. Nf3 Nc6 3. Bb5 a6 4. Ba4 Nf6 5. O-O b5 6. Bb3 Bc5 7. d3 d6 8. a4 Rb8 9. axb5 axb5 10. Nc3 O-O 11. Be3 Bg4 12. h3 Bh5 13. Nd5 Nd7 14. c3 Re8 15. d4 exd4 16. cxd4 Bxf3 17. gxf3 Bb6 18. Kh2 Nf8 19. Nxb6 cxb6 20. Rg1 Ng6 21. f4 Na5 22. f5 Nxb3 23. Qxb3 Nf8 24. Ra7 d5 25. e5 Qh4 26. Qxd5 Re7 27. Rxe7 Qxe7 28. Rxg7+ Kh8 29. Bg5 Qb7 30. Bf6 1-0


[Site "https://www.chess.com"]

[Event "Titled Tuesday Blitz November 29 Early 2022"]
[White "Bai, Adelard"]
[Black "Rosenberg, Evan S"]
[WhiteFideId "16301188"]
[BlackFideId "2019299"]
[WhiteElo "2299"]
[BlackElo "2408"]
[Result "1-0"]
[Round "07"]
[TimeControl "180+1"]
[Date "2022.11.30"]
[WhiteClock "0:00:07"]
[BlackClock "0:00:08"]

1. Nf3 d5 2. g3 Nd7 3. d4 Nb6 4. Bg2 Nf6 5. O-O Bf5 6. a4 a5 7. Nc3 h6 8. Ne5 c6 9. f3 Qc8 10. e4 Bh3 11. Qe2 Bxg2 12. Kxg2 e6 13. Bf4 Bb4 14. Na2 Be7 15. c4 O-O 16. c5 Nbd7 17. Nd3 Re8 18. Nc3 Nf8 19. Bd2 Ng6 20. e5 Nh7 21. f4 Bf8 22. g4 Qd8 23. Kh1 b6 24. f5 exf5 25. gxf5 Nh4 26. cxb6 Qxb6 27. Qg4 g5 28. fxg6 Nxg6 29. Rxf7 Kxf7 30. Rf1+ Kg7 31. Nf4 Ng5 32. Nh5+ Kh8 33. Bxg5 hxg5 34. Qxg5 c5 35. Rf6 Re6 36. Qxg6 Rxf6 37. Nxf6 Qxf6 38. exf6 Ra7 39. Nxd5 Rh7 40. f7 Bd6 41. Qg8# 1-0


[Site "https://www.chess.com"]

[Event "Titled Tuesday Blitz November 29 Early 2022"]
[White "Balabayeva, Xeniya"]
[Black "Herman, Daniel"]
[WhiteFideId "13719688"]
[BlackFideId "30935008"]
[WhiteElo "2041"]
[BlackElo "1897"]
[Result "1-0"]
[Round "07"]
[TimeControl "180+1"]
[Date "2022.11.30"]
[WhiteClock "0:00:13"]
[BlackClock "0:00:01"]

1. d4 Nf6 2. c4 g6 3. Nc3 d5 4. Nf3 Bg7 5. h3 O-O 6. cxd5 Nxd5 7. e4 Nxc3 8. bxc3 c5 9. Be2 Nc6 10. Be3 Qa5 11. O-O Rd8 12. d5 Bxc3 13. Rc1 Nd4 14. Nxd4 cxd4 15. Bxd4 Bxd4 16. Qxd4 Qxa2 17. Bc4 Qa5 18. Ra1 Qc7 19. Rfc1 b6 20. Bb5 Qf4 21. Bc6 Qg5 22. f4 Qxf4 23. Bxa8 Bxh3 24. Qf2 Qxe4 25. Bc6 Bg4 26. Re1 Qb4 27. Rxa7 Rf8 28. Raxe7 h5 29. Re8 Rxe8 30. Bxe8 Bf5 31. Bc6 Kh7 32. Qe3 h4 33. Be8 Kg7 34. Qe5+ Kh7 35. Bxf7 Qg4 36. Qe3 h3 37. Qf2 h2+ 38. Kh1 Qh5 39. d6 Qg4 40. Bd5 Bd7 41. Bf3 Qf5 42. Re7+ Kg8 43. Qe1 1-0


[Site "https://www.chess.com"]

[Event "Titled Tuesday Blitz November 29 Early 2022"]
[White "Barash, Anton"]
[Black "Skliarov, Viktor"]
[WhiteFideId "30935229"]
[BlackFideId "14106736"]
[WhiteElo "2337"]
[BlackElo "2284"]
[Result "0-1"]
[Round "07"]
[TimeControl "180+1"]
[Date "2022.11.30"]
[WhiteClock "0:00:01"]
[BlackClock "0:00:03"]

1. e4 c5 2. Nf3 Nc6 3. d4 cxd4 4. Nxd4 Nf6 5. Nc3 e5 6. Ndb5 d6 7. Bg5 a6 8. Na3 b5 9. Nd5 Be7 10. Bxf6 Bxf6 11. c3 O-O 12. Nc2 Rb8 13. h4 g6 14. g3 h5 15. Bh3 Bxh3 16. Rxh3 Bg7 17. Nce3 Bh6 18. g4 Bxe3 19. Nxe3 Qc8 20. Rg3 hxg4 21. Nxg4 Qe6 22. h5 Kg7 23. Qd2 Rh8 24. h6+ Kf8 25. O-O-O Ke7 26. Ne3 Kd7 27. Nd5 Ne7 28. Qg5 Nxd5 29. Rxd5 f6 30. Qxg6 Rbg8 31. Qh5 Rxg3 32. fxg3 f5 33. Qxf5 Rxh6 34. g4 Rf6 35. Qh5 Rh6 36. Qg5 Rg6 37. Qh5 Qxg4 38. Qh7+ Rg7 39. Qf5+ Qxf5 40. exf5 Rf7 41. a4 Kc6 42. Rd2 Rxf5 43. axb5+ axb5 44. Rh2 Kc5 45. Kc2 Rf3 46. Kb3 b4 47. Kc2 bxc3 48. bxc3 d5 49. Rh8 e4 50. Rc8+ Kd6 51. Rd8+ Ke5 52. Re8+ Kf4 53. Rd8 Rd3 54. Rf8+ Ke3 55. Re8 Rd2+ 56. Kc1 Ra2 57. Re7 Kd3 58. Rd7 e3 59. Rxd5+ Kxc3 60. Kd1 Rd2+ 61. Rxd2 exd2 0-1


[Site "https://www.chess.com"]

[Event "Titled Tuesday Blitz November 29 Early 2022"]
[White "Barria Zuniga, Daniel"]
[Black "Melian, Juan Sebastian"]
[WhiteFideId "3400816"]
[BlackFideId "3706575"]
[WhiteElo "2414"]
[BlackElo "2044"]
[Result "1-0"]
[Round "07"]
[TimeControl "180+1"]
[Date "2022.11.30"]
[WhiteClock "0:01:18"]
[BlackClock "0:00:02"]

1. c4 e6 2. g3 Nf6 3. Bg2 d5 4. Nf3 Be7 5. O-O O-O 6. Nc3 a6 7. d4 dxc4 8. Ne5 Nd5 9. Nxc4 b5 10. Nxd5 exd5 11. Ne5 Bb7 12. Bf4 Nd7 13. Rc1 Rc8 14. Nc6 Bxc6 15. Rxc6 Nb6 16. Qc2 Bd6 17. Bxd6 cxd6 18. Rc1 Rxc6 19. Qxc6 Qb8 20. Qc7 Nc4 21. Qxb8 Rxb8 22. b3 Nb6 23. Rc6 Kf8 24. Rxd6 Ke7 25. Rc6 Kd7 26. Rc5 Kd6 27. f3 Re8 28. e4 f6 29. Kf2 Re7 30. Ke3 Re8 31. h4 Re7 32. Kd3 Re8 33. h5 h6 34. Ke3 Re7 35. Kf4 Re8 36. Kf5 Re7 37. Kg6 Ra7 38. f4 dxe4 39. Bxe4 Rc7 40. Rxc7 Kxc7 41. Kxg7 1-0


[Site "https://www.chess.com"]

[Event "Titled Tuesday Blitz November 29 Early 2022"]
[White "Bashirli, Saadat"]
[Black "Sztokbant, Bernardo Vainzoff"]
[WhiteFideId "13429990"]
[BlackFideId "2115956"]
[WhiteElo "1408"]
[BlackElo "2228"]
[Result "1-0"]
[Round "07"]
[TimeControl "180+1"]
[Date "2022.11.30"]
[WhiteClock "0:00:37"]
[BlackClock "0:00:06"]

1. d4 d5 2. c4 dxc4 3. Nf3 Nf6 4. e3 e6 5. Bxc4 a6 6. Nc3 b5 7. Bd3 Bb7 8. O-O Be7 9. Qc2 O-O 10. e4 h6 11. Bf4 Nbd7 12. Rad1 c5 13. Rfe1 cxd4 14. Ne2 Rc8 15. Qb3 Nc5 16. Qc2 Ncxe4 17. Qb1 Qb6 18. Nexd4 Nc5 19. Bc2 Rfd8 20. Ne5 Bd5 21. h3 Qb7 22. Nef3 Nce4 23. Be5 Ng5 24. Nxg5 hxg5 25. f3 Qb6 26. Kh2 Bd6 27. Qc1 Bxe5+ 28. Rxe5 Be4 29. fxe4 Rxd4 30. Rxd4 Qxd4 31. Rxg5 Qc4 32. Qf4 Ne8 33. Bb3 Qc7 34. e5 Qc1 35. Qg4 Qe3 36. Bxe6 Rc1 37. Bxf7+ Kxf7 38. Qd7+ Kf8 39. Rf5+ Kg8 40. Qxe8+ Kh7 41. Rh5+ Qh6 42. Rxh6+ 1-0


[Site "https://www.chess.com"]

[Event "Titled Tuesday Blitz November 29 Early 2022"]
[White "Baskakov, Egor"]
[Black "Dubov, Daniil"]
[WhiteFideId "24197866"]
[BlackFideId "24126055"]
[WhiteElo "2864"]
[BlackElo "3066"]
[Result "0-1"]
[Round "07"]
[TimeControl "180+1"]
[Date "2022.11.30"]
[WhiteClock "0:02:04"]
[BlackClock "0:01:19"]

1. e4 c5 2. Nf3 e6 3. Be2 Nc6 4. c4 g5 5. h3 Bg7 6. Nc3 h6 7. d3 d6 8. Be3 Nd4 9. O-O Ne7 10. Qd2 Ng6 11. Nb5 e5 12. Bxd4 exd4 13. Nh2 h5 14. b4 a6 15. Na3 g4 16. g3 Be5 17. hxg4 h4 18. g5 hxg3 19. Ng4 Bxg4 20. Bxg4 Bf4 21. Qe2 g2 22. Kxg2 Rh2+ 23. Kg1 Qxg5 24. bxc5 Rh1+ 0-1


[Site "https://www.chess.com"]

[Event "Titled Tuesday Blitz November 29 Early 2022"]
[White "Berezin, Viktor"]
[Black "Stankovic, Ivan G"]
[WhiteFideId "14107872"]
[BlackFideId "902837"]
[WhiteElo "2310"]
[BlackElo "2226"]
[Result "1-0"]
[Round "07"]
[TimeControl "180+1"]
[Date "2022.11.30"]
[WhiteClock "0:00:25"]
[BlackClock "0:00:07"]

1. Nf3 c5 2. g3 Nc6 3. Bg2 g6 4. O-O Bg7 5. c4 e5 6. Nc3 Nge7 7. d3 d6 8. Rb1 O-O 9. Ne1 Be6 10. Nc2 d5 11. cxd5 Nxd5 12. Ne3 Nde7 13. Qa4 Rc8 14. Nc4 b6 15. a3 f5 16. b4 e4 17. Nb5 Bxc4 18. dxc4 Nd4 19. Nxd4 cxd4 20. c5 bxc5 21. bxc5 Rxc5 22. Qxa7 Ra5 23. Qb7 Nd5 24. Bd2 Rxa3 25. Rb5 Nc3 26. Bxc3 dxc3 27. g4 Qa8 28. Qe7 Rf7 29. Qd6 Bf8 30. Qe6 Ra6 31. Qb3 Rc6 32. gxf5 gxf5 33. Rxf5 Qb7 34. Qxb7 Rxb7 35. Bxe4 c2 36. Bxc6 Rb1 37. Bd5+ Kg7 38. Rf7+ Kg6 39. Rc7 Rb2 40. Be4+ Kf6 41. Rxc2 Rb4 42. Bf3 1-0


[Site "https://www.chess.com"]

[Event "Titled Tuesday Blitz November 29 Early 2022"]
[White "Bettalli, Francesco"]
[Black "Drozdowski, Kacper"]
[WhiteFideId "2816453"]
[BlackFideId "1136720"]
[WhiteElo "2216"]
[BlackElo "2485"]
[Result "0-1"]
[Round "07"]
[TimeControl "180+1"]
[Date "2022.11.30"]
[WhiteClock "0:00:15"]
[BlackClock "0:00:19"]

1. d4 Nf6 2. Nc3 d5 3. Bg5 c6 4. Qd3 h6 5. Bxf6 exf6 6. e4 dxe4 7. Nxe4 Qa5+ 8. c3 Be7 9. Nf3 O-O 10. Be2 Bf5 11. Nfd2 Bg6 12. Qg3 Nd7 13. O-O Rfe8 14. Rfe1 Bf8 15. Bc4 Kh7 16. Nd6 Bxd6 17. Qxd6 Nb6 18. Bb3 Rad8 19. Qc7 Rd7 20. Qf4 Rde7 21. Rxe7 Rxe7 22. h4 Qf5 23. Qxf5 Bxf5 24. Nc4 Nd5 25. Nd6 Bg6 26. Bc4 Nb6 27. Bf1 Rd7 28. Nc4 Nxc4 29. Bxc4 Kg8 30. Re1 Kf8 31. g3 b6 32. Kg2 Bf5 33. Kf3 Rd6 34. Kf4 Bc8 35. b4 g5+ 36. Kf3 h5 37. a4 c5 38. bxc5 bxc5 39. dxc5 Rc6 40. Bb5 Rxc5 41. Re8+ Kg7 42. Re3 a6 43. Bf1 Bb7+ 44. Ke2 gxh4 45. gxh4 Rc4 46. Rg3+ Kf8 47. Kd2 Rxa4 48. c4 Ra2+ 49. Ke3 a5 50. Bh3 a4 51. Rg1 a3 52. Rb1 Bc6 53. Bf1 Ke7 54. Bd3 Kd6 55. Kd4 Rxf2 56. c5+ Kc7 57. Rb3 a2 58. Ra3 Rf4+ 59. Ke3 Ra4 0-1


[Site "https://www.chess.com"]

[Event "Titled Tuesday Blitz November 29 Early 2022"]
[White "Blokhin, Sofia"]
[Black "De Souza, Cristiano Gomes"]
[WhiteFideId "4508190"]
[BlackFideId "2151758"]
[WhiteElo "2005"]
[BlackElo "2068"]
[Result "1-0"]
[Round "07"]
[TimeControl "180+1"]
[Date "2022.11.30"]
[WhiteClock "0:01:01"]
[BlackClock "0:00:57"]

1. e4 c5 2. Nf3 d6 3. d4 cxd4 4. Nxd4 Nf6 5. Nc3 a6 6. Be3 e5 7. Nb3 Be6 8. f3 Be7 9. Qd2 O-O 10. O-O-O Nbd7 11. Kb1 b5 12. g4 b4 13. Nd5 Bxd5 14. exd5 a5 15. Bb5 Nb6 16. Bxb6 Qxb6 17. Bc6 Ra7 18. h4 a4 19. Nc1 Rb8 20. b3 axb3 21. cxb3 Nd7 22. Nd3 Nc5 23. Nxc5 Qxc5 24. Rc1 Qa5 25. Rc4 g6 26. g5 Bf8 27. h5 Bg7 28. hxg6 fxg6 29. Re4 Rf7 30. Qh2 Bh8 31. Rh4 Qc7 32. Qh3 Qe7 33. Qe6 Rf8 34. Rxh7 Qxe6 35. Rxh8+ 1-0


[Site "https://www.chess.com"]

[Event "Titled Tuesday Blitz November 29 Early 2022"]
[White "Bogaudinov, Rushan"]
[Black "Hrabinska, Myroslava"]
[WhiteFideId "4129288"]
[BlackFideId "14109190"]
[WhiteElo "1997"]
[BlackElo "2171"]
[Result "1-0"]
[Round "07"]
[TimeControl "180+1"]
[Date "2022.11.30"]
[WhiteClock "0:01:28"]
[BlackClock "0:00:04"]

1. d4 Nf6 2. Nf3 d5 3. g3 e6 4. Bg2 Be7 5. O-O O-O 6. b3 c5 7. Bb2 cxd4 8. Nxd4 Nc6 9. Nxc6 bxc6 10. Nd2 Nd7 11. c4 Bf6 12. Qc2 a5 13. a3 Rb8 14. Rab1 Qe7 15. Rfc1 Ba6 16. Bxf6 Nxf6 17. Qc3 Qxa3 18. Ra1 Qb4 19. Rxa5 Bc8 20. Qxb4 Rxb4 21. Ra7 e5 22. Rc7 Rb6 23. c5 Ra6 24. e3 Be6 25. Bf1 Ra2 26. Nf3 Bg4 27. Nxe5 Be6 28. Bg2 Rb2 29. Nxc6 Rxb3 30. Ne7+ Kh8 31. c6 g6 32. Rb7 Ra3 33. c7 Bc8 34. Nxc8 Rxc8 35. Bh3 1-0


[Site "https://www.chess.com"]

[Event "Titled Tuesday Blitz November 29 Early 2022"]
[White "Bok, Benjamin"]
[Black "Kleiman, Jake"]
[WhiteFideId "1017063"]
[BlackFideId "2020041"]
[WhiteElo "2658"]
[BlackElo "2631"]
[Result "1-0"]
[Round "07"]
[TimeControl "180+1"]
[Date "2022.11.30"]
[WhiteClock "0:01:05"]
[BlackClock "0:00:27"]

1. d4 Nf6 2. c4 e6 3. Nc3 Bb4 4. Qc2 O-O 5. a3 Bxc3+ 6. Qxc3 d6 7. Nf3 Qe7 8. e3 Re8 9. b4 e5 10. Bb2 Nbd7 11. Be2 b6 12. O-O Bb7 13. dxe5 Nxe5 14. Nxe5 dxe5 15. f3 c5 16. b5 a5 17. Rfd1 Rad8 18. Rxd8 Qxd8 19. Rd1 Qc7 20. Qd2 e4 21. f4 Kf8 22. Be5 Qc8 23. Qd6+ Kg8 24. Bxf6 gxf6 25. Qxf6 Qe6 26. Rd6 Qxf6 27. Rxf6 Re6 28. Rxe6 fxe6 29. Kf2 Kf7 30. g4 Kf6 31. Kg3 Bc8 32. g5+ Kg6 33. h4 h5 34. gxh6 Kxh6 35. Bd1 Kg6 36. h5+ Kf6 37. Bc2 Bb7 38. Kg4 Ba8 39. h6 Kg6 40. f5+ exf5+ 41. Kf4 Bb7 42. h7 Kxh7 43. Kxf5 1-0


[Site "https://www.chess.com"]

[Event "Titled Tuesday Blitz November 29 Early 2022"]
[White "Bortnyk, Olexandr"]
[Black "Shimanov, Aleksandr"]
[WhiteFideId "14120828"]
[BlackFideId "4198603"]
[WhiteElo "3036"]
[BlackElo "2879"]
[Result "1-0"]
[Round "07"]
[TimeControl "180+1"]
[Date "2022.11.30"]
[WhiteClock "0:00:17"]
[BlackClock "0:00:09"]

1. e4 g6 2. d4 Bg7 3. Nf3 d6 4. Bc4 a6 5. c3 e6 6. h4 h6 7. Qe2 Nd7 8. Bf4 Ne7 9. Nbd2 b6 10. e5 d5 11. Bd3 c5 12. O-O Bb7 13. a4 Nc6 14. Qe3 Qe7 15. Rfe1 cxd4 16. cxd4 Nb4 17. Bb1 a5 18. Ra3 Nb8 19. Rc3 N8c6 20. Rec1 Rc8 21. Nf1 Qd7 22. b3 Ne7 23. Ng3 Nf5 24. Bxf5 exf5 25. e6 fxe6 26. Rxc8+ Bxc8 27. Rc7 Nc6 28. Rxd7 Bxd7 29. Ne5 Bxe5 30. Bxe5 Rh7 31. Ne2 Kf7 32. Qg3 Nb4 33. Nf4 1-0


[Site "https://www.chess.com"]

[Event "Titled Tuesday Blitz November 29 Early 2022"]
[White "Broca Jimenez, Fernando"]
[Black "Mendez, Ruddy Antonio"]
[WhiteFideId "5104742"]
[BlackFideId "6403387"]
[WhiteElo "2062"]
[BlackElo "2106"]
[Result "1-0"]
[Round "07"]
[TimeControl "180+1"]
[Date "2022.11.30"]
[WhiteClock "0:00:05"]
[BlackClock "0:00:08"]

1. e4 e5 2. Nf3 Nc6 3. Bb5 a6 4. Ba4 Nf6 5. O-O b5 6. Bb3 Nxe4 7. Re1 d5 8. d4 Be6 9. Nxe5 Nxe5 10. dxe5 c6 11. Nd2 Nxd2 12. Bxd2 Be7 13. c3 O-O 14. Bc2 Qd7 15. Qf3 g6 16. Bh6 Rfe8 17. Rad1 Bg4 18. Qd3 Bxd1 19. Qxd1 Bf8 20. Bf4 Bg7 21. Qf3 Re7 22. Qg3 Rae8 23. h4 f6 24. Re3 fxe5 25. Bg5 Re6 26. h5 e4 27. hxg6 Rxg6 28. Qh4 Qe6 29. Rh3 h6 30. Be3 Qg4 31. Qxg4 Rxg4 32. Bd1 Rg6 33. Bh5 Ree6 34. Bxg6 Rxg6 35. Kf1 Kf8 36. Rh5 Kf7 37. Rf5+ Ke6 38. Rh5 Rf6 39. Ke2 Rf5 40. Rh3 h5 41. Rh1 Kf7 42. g3 Kg6 43. a4 Rf7 44. axb5 axb5 45. Ra1 Rc7 46. Ra6 Kf5 47. Bf4 Rc8 48. Ra7 Bf6 49. Rh7 Kg6 50. Rd7 Kf5 51. Rh7 Kg6 52. Rb7 Kf5 53. Ke3 h4 54. gxh4 Bxh4 55. Rf7+ Bf6 56. Bg3 Ke6 57. Rh7 Ra8 58. Rh6 Kf7 59. Rh7+ Kg6 60. Rc7 Ra6 61. Bd6 Kf5 62. Bc5 Ke6 63. Rc8 Be5 64. Re8+ Kf5 65. Rf8+ Kg4 66. Rg8+ Kf5 67. Rf8+ Ke6 68. Re8+ Kf6 69. Rf8+ Kg6 70. Rg8+ Kf7 71. Rg5 Kf6 72. Rh5 Ra2 73. Ba3 b4 74. Bxb4 Rxb2 75. Rh6+ Kf5 76. Rxc6 Rb3 77. Rc8 d4+ 78. Kd2 dxc3+ 79. Bxc3 Rb2+ 80. Bxb2 Bxb2 81. Ke2 Be5 82. Rc6 Bf4 83. Rc5+ Ke6 84. Ra5 Kd6 85. Rb5 Ke6 86. Ra5 Kd6 87. Rf5 Be5 88. Ke3 Ke6 89. Kxe4 Bd6 90. f4 Be7 91. Rb5 Kd7 92. Rb6 Kc7 93. Ra6 Kd7 94. Ra7+ Ke8 95. Ke5 Kf7 96. Rb7 Kf8 97. Ke6 Bc5 98. f5 Kg8 99. f6 Bf8 100. Rb8 Kh7 101. Rxf8 1-0


[Site "https://www.chess.com"]